 Dungeon Crawl Stone Soup version 0.28.0-47-ge53b351184 (webtiles) character file.

Game seed: 15233643742163854639

385 Iusername the Skirmisher (level 6, 0/56 HPs)
             Began as a Minotaur Fighter on May 9, 2022.
             Slain by an orc
             ... wielding a +2 vorpal flail
              (9 damage)
             ... on level 4 of the Dungeon.
             The game lasted 00:03:58 (2574 turns).

Iusername the Skirmisher (Minotaur Fighter)         Turns: 2574, Time: 00:03:58

Health: 0/56       AC:  7    Str: 22    XL:     6   Next: 48%
Magic:  0/5        EV:  6    Int:  5    God:
Gold:   184        SH:  0    Dex: 10    Spells: 5/5 levels left

rFire   . . .      SeeInvis .   a - +0 trident
rCold   . . .      Faith    .   c - +0 buckler
rNeg    . . .      Spirit   +   b - +0 scale mail
rPois   .          Reflect  .   (helmet restricted)
rElec   .          Harm     .   (no cloak)
rCorr   .          Rampage  .   (no gloves)
Will    .....                   (no boots)
Stlth   ..........              i - amulet of guardian spirit
HPRegen 0.18/turn               (no ring)
MPRegen 0.09/turn               (no ring)

@: confused, constricted
A: horns 2, retaliatory headbutt
a: no special abilities


You were on level 4 of the Dungeon.
You visited 1 branch of the dungeon, and saw 4 of its levels.

You collected 184 gold pieces.

Inventory:

Hand Weapons
 a - a +0 trident (weapon)
Armour
 b - a +0 scale mail (worn)
 c - a +0 buckler (worn)
 q - a +0 pair of gloves
Jewellery
 i - an amulet of guardian spirit (around neck)
Wands
 t - a wand of paralysis (1)
Scrolls
 e - a scroll of amnesia {unknown}
 g - 5 scrolls of teleportation {unknown}
 k - 5 scrolls of identify {unknown}
 m - a scroll of blinking {unknown}
 o - a scroll of enchant weapon {unknown}
 s - a scroll of summoning {unknown}
Potions
 d - a potion of invisibility {unknown}
 f - 3 potions of mutation {unknown}
 h - 2 potions of haste {unknown}
 j - a potion of heal wounds {unknown}
 l - a potion of ambrosia {unknown}
 n - a potion of curing {unknown}
 p - 2 potions of brilliance {unknown}
 r - a potion of berserk rage {unknown}


   Skills:
 + Level 5.4 Fighting
 + Level 4.5 Polearms
 + Level 5.4 Armour
 + Level 5.4 Shields


You had 5 spell levels left.
You didn't know any spells.
Your spell library contained the following spells:

 Spells                   Type           Power      Damage    Failure   Level
 Magic Dart               Conj           0%         1d3       86%         1
 Call Imp                 Summ           0%         N/A       95%         2
 Ensorcelled Hibernation  Hex/Ice        0%         N/A       95%         2
 Mephitic Cloud           Conj/Pois/Air  0%         N/A       99%         3
 Spider Form              Tmut/Pois      0%         N/A       99%         3
 Anguish                  Hex/Necr       0%         N/A       100%        4


Dungeon Overview and Level Annotations

Branches:
Dungeon (4/15)
 Temple: D:4-7

Altars:
Hepliaklqana
Okawaru
Wu Jian
Zin

Shops:
D:2 [:==

Annotations:
D:4 1 runed translucent door, 0gre's ghost, amateur GnIE


Innate Abilities, Weirdness & Mutations

You have a pair of horns on your head.
You reflexively headbutt those who attack you in melee.


Message History

You barely miss the quokka. The quokka bites you. You block the orc's attack.
The orc hits you but does no damage.
You hit the quokka.
You headbutt the quokka, but do no damage.
The quokka is heavily wounded.
You block the quokka's attack.
The orc hits you with a +2 vorpal flail.
You block the orc's attack. The quokka bites you.
You puncture the quokka!
You kill the quokka!
The orc hits you but does no damage. The orc hits you with a +0 hand axe.
The orc hits you but does no damage.
A goblin comes into view. It is wielding a +0 dagger.
The goblin shouts!
The ball python bites you but does no damage.
The ball python barely misses you. The orc barely misses you.
You hear some strange, mumbled words.
You are confused.
The orc hits you with a +0 hand axe. The orc hits you with a +0 whip.
The ball python barely misses you. The ball python grabs you.
The ball python constricts you.
You hit the orc but do no damage.
The orc hits you with a +2 vorpal flail!
Something hits you. The orc hits you but does no damage.
The orc hits you with a +0 whip. The ball python bites you.
The ball python constricts you.
You hear some strange, mumbled words.
Something tries to affect you, but you resist.
The orc closely misses you.
You miss the orc. Your headbutt misses the orc. Something hits you.
* * * LOW HITPOINT WARNING * * *
The ball python barely misses you. The ball python constricts you.
The orc hits you with a +0 hand axe.
* * * LOW HITPOINT WARNING * * *
The orc hits you with a +0 whip.
* * * LOW HITPOINT WARNING * * *
Something hits you.
* * * LOW HITPOINT WARNING * * *
The orc hits you with a +2 vorpal flail!
You die...

....##..# #....#
##).)..## #..... #....
#####.# #(..... #....
######### ##.......
#.### ### #..^8^..#
##........ #.
..###.#####.# #.........
.........#..# #.........
...........## #.o{......
.........#### #.@S..g...
............###oo.......
..........§..§..........
........§.§§≈§≈≈≈≈......
.........§§§§≈§§......[.
..........≈≈_.§..8......
..........≈≈≈≈≈≈§.......
...........§≈≈§≈≈§......
.......................


You could see 3 orcs, a goblin and a ball python.

Vanquished Creatures
  An ogre (D:4)
  A wyvern skeleton (D:4)
  A bullfrog skeleton (D:4)
  A hound (D:4)
  Ijyb (D:4)
  An iguana (D:4)
  A hound skeleton (D:4)
  5 adders
  2 dart slugs
  7 orcs (D:4)
  3 bats
  6 endoplasms
  2 giant cockroaches
  6 goblins
  7 hobgoblins
  4 quokkas
  2 ball pythons
  4 frilled lizards
  9 kobolds
  A quokka skeleton (D:4)
  4 rats
69 creatures vanquished.

Notes
Turn   | Place    | Note
-------+----------+-------------------------------------------
     0 | D:1      | Iusername the Minotaur Fighter began the quest for the Orb.
     0 | D:1      | Reached XP level 1. HP: 19/19 MP: 0/0
   156 | D:1      | Reached XP level 2. HP: 27/27 MP: 1/1
   466 | D:2      | Reached XP level 3. HP: 18/33 MP: 2/2
   948 | D:2      | Found Zafoew's Book Shoppe.
   955 | D:2      | Found Vouscheje's Antique Armour Shop.
  1019 | D:2      | Found Jukkapn's Jewellery Emporium.
  1152 | D:2      | Found Liryob's Jewellery Shoppe.
  1299 | D:3      | Reached XP level 4. HP: 40/40 MP: 3/3
  1524 | D:3      | Found a hazy altar of Hepliaklqana.
  1590 | D:3      | Found an ornate altar of the Wu Jian Council.
  1655 | D:3      | Found an iron altar of Okawaru.
  1804 | D:4      | Noticed an ogre
  1813 | D:4      | Killed an ogre
  1814 | D:4      | Reached XP level 5. HP: 13/47 MP: 1/4
  2099 | D:4      | Reached skill level 5 in Fighting
  2099 | D:4      | Reached skill level 5 in Armour
  2099 | D:4      | Reached skill level 5 in Shields
  2135 | D:4      | Reached XP level 6. HP: 50/56 MP: 3/5
  2216 | D:4      | Found a runed translucent door.
  2216 | D:4      | Noticed 0gre's ghost (amateur GnIE)
  2260 | D:4      | Noticed Ijyb
  2271 | D:4      | Paralysed by Ijyb for 3 turns
  2275 | D:4      | Paralysed by Ijyb for 5 turns
  2282 | D:4      | Killed Ijyb
  2521 | D:4      | Found a glowing silver altar of Zin.
  2574 | D:4      | Slain by an orc

Illustrated notes

Levels and vault maps discovered:
D:1:      ncdulo_watergridlock, layout_rooms
D:2:      layout_rooms, serial_shops, shop, shop, nicolae_shop_crystal, shop
D:3:      layout_rooms, mainiacjoe_overflow_brackets,
          nzn_hepliaklqana_mist_gate, lemuel_coloured_pillars_altar,
          chequers_serial_rivers_micro_c
D:4:      layout_cave_pods, mainiacjoe_overflow_catwalk,
          hellmonk_ghost_happy_afterlife, wad_floor_pattern_untrapped,
          ebering_dispersal_statue_hall, minivault_24, lemuel_old_faithful,
          uniq_ijyb

Skill      XL: |  1  2  3  4  5 |
---------------+----------------+-----
Shields        | 4 5 |  5.4
Fighting       | 4 5 |  5.4
Polearms       | 3 4 |  4.5
Armour         | 4 5 |  5.4

Action                   |  1- 3 |  4- 6 || total
-------------------------+-------+-------++-------
Melee: Trident           |    79 |    79 ||   158
       Headbutt          |    11 |    10 ||    21
  Use: Potion            |       |     1 ||     1
Armor: Scale mail        |    30 |    24 ||    54
Dodge: Dodged            |    30 |    33 ||    63
Block: Buckler           |     6 |    20 ||    26
